 Dungeon Sprint DCSS version 0.27.1-33-g824d729ab1 (webtiles) character file.

Game seed: 9304140098725894722

291520 Groucho the Conqueror (level 20, -1/157 HPs)
             Began as a Gargoyle Fighter on Nov 28, 2021.
             Was a Priest of Cheibriados.
             Slain by Ignacio (9 damage)
             ... in the Dungeon (Sprint VII: "The Pits").
             The game lasted 00:43:36 (15236 turns).

Groucho the Conqueror (Gargoyle Fighter)           Turns: 15236, Time: 00:43:37

Health: -1/157     AC: 64    Str: 31    XL:     20   Next: 77%
Magic:  39/42      EV: 27    Int: 25    God:    Cheibriados [***...]
Gold:   236        SH: 28    Dex: 26    Spells: 19/19 levels left

rFire    + . .     SeeInvis +   E - +5 broad axe (vamp)
rCold    + + .     Faith    .   C - +2 kite shield
rNeg     + . .     Spirit   .   s - +2 gold dragon scales
rPois    ∞         Reflect  +   F - +2 helmet
rElec    +         Harm     .   X - +4 cloak
rCorr    .         Rampage  .   t - +2 pair of gloves {Dex+3}
Will     +....     NoTele   +   V - +4 pair of boots
Stlth    ..........             o - amulet of Suspected Treachery {Reflect Int+4 Slay+3 SH+5}
HPRegen  0.36/turn              U - ring "Dexui" {rPois rC+ MP+9 Int+4 SInv}
MPRegen  0.28/turn              (no ring)

@: flying, very slow
A: sickness immunity, AC +15, big wings, negative energy resistance 1,
electricity resistance, torment resistance 1, petrification resistance, low mp 1
}: 2/3 runes: silver, iron
a: Renounce Religion, Bend Time, Temporal Distortion


You were in the Dungeon.
You worshipped Cheibriados.
Cheibriados was most pleased with you.
You visited 1 branch You collected 236 gold pieces.

Inventory:

Hand Weapons
 r - a +3 broad axe of flaming
 u - the +4 staff of Dispater
   (You took it off Dispater in the Dungeon)

   It can be evoked to hurl damnation at the cost of health and magic, with
   strength depending on Evocations skill.
 E - a +5 vampiric broad axe (weapon)
 I - the +9 broad axe "Hueregha" {venom, rPois Str+3}
   (You found it in the Dungeon)

   It poisons the flesh of those it strikes.
   Str:       It affects your strength (+3).
   rPois:     It protects you from poison.
 P - the +9 hand crossbow of Fimbulwinter {elec, rPois rF+ rN+}
   (You found it in the Dungeon)

   Any ammunition fired from it occasionally discharges a powerful burst of
   electricity upon striking a foe.
   rF:        It protects you from fire.
   rPois:     It protects you from poison.
   rN:        It protects you from negative energy.
Missiles
 c - 17 javelins (quivered)
 n - 79 stones
 O - 11 boomerangs
 Q - 14 silver boomerangs
 R - 79 bolts
Armour
 s - +2 gold dragon scales (worn)
 t - a +2 pair of gloves of dexterity (worn)
 C - a +2 kite shield (worn)
 F - a +2 helmet (worn)
 T - the +2 pair of boots "Jahiophe" {Will++ Dex-4}
   (You found it in the Dungeon)

   Dex:       It affects your dexterity (-4).
   Will:      It greatly increases your willpower.
 V - a +4 pair of boots (worn)
 W - a +12 plate armour
 X - a +4 cloak (worn)
Jewellery
 o - the amulet of Suspected Treachery (around neck) {Reflect Int+4 Slay+3 SH+5}
   (You found it in the Dungeon)

   [amulet of reflection]

   It reflects blocked missile attacks.
   Int:       It affects your intelligence (+4).
   Slay:      It affects your accuracy & damage with ranged weapons and melee
   (+3).
   SH:        It affects your SH (+5).
 p - a ring of ice
 x - a ring of positive energy
 G - the brooch of Shielding {Spirit SH+8}
   (You found it in the Dungeon)

   [amulet of guardian spirit]

   It causes incoming damage to be divided between your reserves of health and
   magic.
   SH:        It affects your SH (+8).
 H - the ring "Sayddu" {rN+ Will- MP+9 Int+4 Slay+3}
   (You found it in the Dungeon)

   [ring of magical power]

   Int:       It affects your intelligence (+4).
   Slay:      It affects your accuracy & damage with ranged weapons and melee
   (+3).
   rN:        It protects you from negative energy.
   MP:        It affects your magic capacity (+9).
   Will:      It decreases your willpower.
 K - the ring "Zoufredgh" {Drain Fly Str+6 Slay+6 SInv}
   (You found it in the Dungeon)

   [ring of strength]

   Str:       It affects your strength (+6).
   Slay:      It affects your accuracy & damage with ranged weapons and melee
   (+6).
   SInv:      It lets you see invisible.
   Fly:       It grants you flight.
   Drain:     It drains your maximum health when unequipped.
 L - a ring of the Octopus King {AC+1 EV+1 Str+1 Int+1 Dex+1 SInv}
   (You found it in the Dungeon)

   [ring of see invisible]

   AC:        It affects your AC (+1).
   EV:        It affects your evasion (+1).
   Str:       It affects your strength (+1).
   Int:       It affects your intelligence (+1).
   Dex:       It affects your dexterity (+1).
   SInv:      It lets you see invisible.
 M - a +6 ring of intelligence
 S - the ring "Usagurgh" {rPois rF- rC+ Int+9}
   (You took it off an orc warrior in the Dungeon)

   [ring of poison resistance]

   Int:       It affects your intelligence (+9).
   rF:        It makes you vulnerable to fire.
   rC:        It protects you from cold.
   rPois:     It protects you from poison.
 U - the ring "Dexui" (left hand) {rPois rC+ MP+9 Int+4 SInv}
   (You found it in the Dungeon)

   [ring of protection from cold]

   Int:       It affects your intelligence (+4).
   rC:        It protects you from cold.
   rPois:     It protects you from poison.
   MP:        It affects your magic capacity (+9).
   SInv:      It lets you see invisible.
Wands
 f - a wand of polymorph (5)
 j - a wand of paralysis (9)
 y - a wand of acid (9)
 A - a wand of flame (10)
Scrolls
 a - 7 scrolls of identify
 b - 14 scrolls of enchant armour
 l - 6 scrolls of amnesia
 m - a scroll of summoning
 w - 3 scrolls of fear
 z - a scroll of blinking
 D - 3 scrolls of fog
 N - 2 scrolls of magic mapping
Potions
 d - a potion of might
 e - 11 potions of curing
 g - 12 potions of haste
 h - 6 potions of magic
 i - 6 potions of berserk rage
 k - a potion of invisibility
 q - 6 potions of brilliance
 B - 8 potions of mutation


   Skills:
 O Level 27 Fighting
 - Level 18.0 Axes
 O Level 27 Throwing
 O Level 27 Armour
 * Level 26.7 Dodging
 O Level 27 Shields
 O Level 27 Invocations


You had 19 spell levels left.
You didn't know any spells.
Your spell library contained the following spells:

 Spells                   Type           Power      Damage    Failure   Level
 Corona                   Hex            0%         N/A       56%         1
 Foxfire                  Conj/Fire      0%         2x1d4     56%         1
 Blink                    Tloc           N/A        N/A       71%         2
 Corpse Rot               Necr/Air       N/A        N/A       71%         2
 Ensorcelled Hibernation  Hex/Ice        0%         N/A       71%         2
 Poisonous Vapours        Pois/Air       0%         N/A       71%         2
 Slow                     Hex            0%         N/A       71%         2
 Wereblood                Tmut           0%         N/A       71%         2
 Confusing Touch          Hex            0%         N/A       90%         3
 Conjure Flame            Conj/Fire      0%         6-21      90%         3
 Dazzling Flash           Conj/Hex       0%         N/A       90%         3
 Gell's Gravitas          Tloc           0%         N/A       90%         3
 Ignite Poison            Fire/Tmut/Pois 0%         N/A       90%         3
 Inner Flame              Hex/Fire       0%         N/A       90%         3
 Lesser Beckoning         Tloc           0%         N/A       90%         3
 Mephitic Cloud           Conj/Pois/Air  0%         N/A       90%         3
 Portal Projectile        Hex/Tloc       0%         N/A       90%         3
 Teleport Other           Tloc           0%         N/A       90%         3
 Tukima's Dance           Hex            0%         N/A       90%         3
 Vampiric Draining        Necr           0%         2d6       90%         3
 Cause Fear               Hex            0%         N/A       100%        4
 Fulminant Prism          Conj/Hex       0%         3d6       100%        4
 Iskenderun's Mystic Bla  Conj/Tloc      0%         2d3       100%        4
 Passage of Golubria      Tloc           N/A        N/A       100%        4
 Petrify                  Tmut/Erth      0%         N/A       100%        4
 Summon Lightning Spire   Summ/Air       0%         N/A       100%        4
 Blade Hands              Tmut           0%         N/A       100%        5
 Bolt of Magma            Conj/Fire/Erth 0%         4d4       100%        5
 Excruciating Wounds      Necr           0%         N/A       100%        5
 Fireball                 Conj/Fire      0%         3d3       100%        5
 Freezing Cloud           Conj/Ice/Air   0%         6-21      100%        5
 Manifold Assault         Tloc           0%         N/A       100%        5
 Silence                  Hex/Air        0%         N/A       100%        5
 Summon Forest            Summ/Tloc      0%         N/A       100%        5
 Summon Mana Viper        Hex/Summ       0%         N/A       100%        5
 Yara's Violent Unravell  Hex/Tmut       0%         3d3       100%        5
 Dispersal                Tloc           0%         N/A       100%        6
 Eringya's Noxious Bog    Tmut/Pois      0%         N/A       100%        6
 Iron Shot                Conj/Erth      0%         9d1       100%        6
 Shadow Creatures         Summ           N/A        N/A       100%        6
 Starburst                Conj/Fire      0%         6d3       100%        6
 Dragon Form              Tmut           0%         N/A       100%        7
 Storm Form               Tmut/Air       0%         N/A       100%        7
 Summon Hydra             Summ           0%         N/A       100%        7
 Ignition                 Fire           0%         3d3       100%        8
 Lehudib's Crystal Spear  Conj/Erth      0%         10d2      100%        8
 Maxwell's Capacitive Co  Air            0%         ∞         100%        8
 Necromutation            Tmut/Necr      0%         N/A       100%        8
 Chain Lightning          Conj/Air       0%         N/A       100%        9
 Dragon's Call            Summ           0%         N/A       100%        9
 Sublimation of Blood     Necr           Unusable   N/A       N/A         2

Dungeon Overview and Level Annotations

Branches:
Dungeon (1/1)

Altars:
Ashenzari
Cheibriados
Dithmenos
Elyvilon
Fedhas
Gozag
Hepliaklqana
Kikubaaqudgha
Makhleb
Nemelex Xobeh
Okawaru
Qazlal
Ru
Sif Muna
Trog
Uskayaw
Vehumet
Wu Jian
Xom
Yredelemnul
Zin
The Shining One
Beogh
Jiyva
Lugonu

Annotations:
D Ignacio


Innate Abilities, Weirdness & Mutations

You are immune to sickness and miasma.
Your stone body is resilient. (AC +15)
You are immune to poison.
Your large and strong wings let you fly.
You resist negative energy. (rN+)
You are resistant to electric shocks. (rElec)
You are resistant to unholy torment.
You are immune to petrification.
Your magical capacity is low. (-10% MP)


Message History

What are your orders? t - Shout!
Orders for allies: a - Attack new target. r - Retreat! s - Stop attacking. g - Guard the area. f - Follow me.
Anything else - Cancel.
Okay, then.
Blink to where?
Press: ? - help, Dir - move target
As you read the scroll of blinking, it crumbles to dust.
Which direction?
Unknown command.
Okay, then.
Okay, then.
Aiming: Paralyse
Press: ? - help, Shift-Dir - straight line, f - Ignacio
Aim: Ignacio, wielding a +5 executioner's axe of pain (heavily wounded, fast, chance to affect: 0%)
Okay, then.
Aiming: Corrosive Bolt
Press: ? - help, Shift-Dir - straight line, f - Ignacio
Aim: Ignacio, wielding a +5 executioner's axe of pain (heavily wounded, fast, 53% to hit)
The bolt of acid hits Ignacio!
Ignacio is splashed with acid!
The acid corrodes Ignacio!
Ignacio is heavily wounded.
Ignacio hits you with a +5 executioner's axe of pain.
* * * LOW HITPOINT WARNING * * *
You writhe in agony.
* * * LOW HITPOINT WARNING * * *
Ignacio completely misses you. Ignacio misses you. You block Ignacio's attack.
Ignacio barely misses you. You block Ignacio's attack.
Ignacio hits you but does no damage.
You writhe in agony.
* * * LOW HITPOINT WARNING * * *
You block Ignacio's attack.
You barely miss Ignacio.
Ignacio is heavily wounded.
You block Ignacio's attack. x2; Ignacio hits you but does no damage.
You writhe in agony!
* * * LOW HITPOINT WARNING * * *
Ignacio hits you but does no damage.
You writhe in agony!
You die...

##.#+ ###=####...'...# #'##
##=)[####.##')##
##.###")).=###'#.###
#)..'.)=.="[##.###.##
##'.'##)))[[##...'...#
#.###.##)=)###'.##†.## ###
#####)###.###.#'#
##.###.###.###.###+#
+...'..)1@.)'...##.##
#+.##+.##).##'.##[..#
###.###.##''[..# ##
#######.##
#########################'#
#....##.....##.........##.#
'...)#.......##........##'#
#..'#..[....))##....... #.#
####.)..[....))##'##'####'#


You could see Ignacio (fast, corroded).

Vanquished Creatures
  the Royal Jelly (D)
  3 pandemonium lords (D)
  Mara (D)
  2 ancient liches (D)
  Dispater (D)
  Khufu (D)
  4 royal mummies (D)
  Boris (D)
  Margery (D)
  A curse toe (D)
  2 golden dragons (D)
  A profane servitor (D)
  Arachne (D)
  2 bone dragons (D)
  2 electric golems (D)
  A Tzitzimitl (D)
  A Brimstone Fiend (D)
  A tentacled monstrosity (D)
  3 liches (D)
  2 hellephants (D)
  A Hell Sentinel (D)
  An Ice Fiend (D)
  4 titans (D)
  2 deep elf blademasters (D)
  2 Executioners (D)
  A death cob (D)
  A sphinx (D)
  3 acid blobs (D)
  4 storm dragons (D)
  4 shadow dragons (D)
  Donald (D)
  2 draconian monks (D)
  6 azure jellies (D)
  4 rockslimes (D)
  5 nagarajas (D)
  2 frost giants (D)
  A deep elf sorcerer (D)
  2 daevas (D)
  A ghost moth (D)
  2 draconian stormcallers (D)
  21 orc warlords (D)
  2 draconian scorchers (D)
  A balrug (D)
  A draconian shifter (D)
  3 spriggan defenders (D)
  2 quicksilver oozes (D)
  A reaper (D)
  Nessos (D)
  2 war gargoyles (D)
  2 stone giants (D)
  A green draconian (D)
  An ophan (D)
  A dire elephant (D)
  Azrael (D)
  4 yellow draconians (D)
  4 black draconians (D)
  2 apis (D)
  A white draconian (D)
  3 deep elf annihilators (D)
  A deep elf demonologist (D)
  2 minotaurs (D)
  A purple draconian (D)
  A red draconian (D)
  3 blizzard demons (D)
  A merfolk javelineer (D)
  A deep elf death mage (D)
  An ettin (D)
  2 green deaths (D)
  3 fire dragons (D)
  3 yaktaur captains (D)
  3 vault guards (D)
  A great orb of eyes (D)
  3 ice dragons (D)
  Erolcha (D)
  A naga warrior (D)
  A hydra (D)
  2 deep elf high priests (D)
  An alligator snapping turtle (D)
  4 ogre magi (D)
  A hell beast (D)
  Erica (D)
  2 anacondas (D)
  A merfolk avatar (D)
  A dancing weapon (D)
  2 death knights (D)
  5 death yaks (D)
  4 two-headed ogres (D)
  6 orc high priests (D)
  4 vampire magi (D)
  2 sun demons (D)
  15 hell knights (D)
  A sea snake (D)
  A death drake (D)
  3 swamp dragons (D)
  A spriggan druid (D)
  A bog body (D)
  4 harpies (D)
  26 orc knights (D)
  3 wizards (D)
  A deep elf pyromancer (D)
  5 orc sorcerers (D)
  3 necromancers (D)
  An ugly thing (D)
  2 wolf spiders (D)
  A cyclops (D)
  A manticore (D)
  An unseen horror (D)
  2 smoke demons (D)
  A gargoyle (D)
  5 yaktaurs (D)
  2 orange demons (D)
  A cane toad (D)
  An ice devil (D)
  A komodo dragon (D)
  A demonic crawler (D)
  5 kobold demonologists (D)
  3 tormentors (D)
  2 freezing wraiths (D)
  A jumping spider (D)
  3 red devils (D)
  5 merfolk (D)
  A raiju (shapeshifter) (D)
  4 wind drakes (D)
  9 blink frogs (D)
  A hornet (shapeshifter) (D)
  4 dream sheep (D)
  3 flying skulls (D)
  3 redbacks (D)
  A vampire (D)
  An air elemental (D)
  2 wyverns (D)
  A ynoxinul (D)
  A shadow (D)
  6 yaks (D)
  2 fire elementals (D)
  A fire bat (D)
  A golden eye (D)
  2 neqoxecs (D)
  3 wargs (D)
  7 hell hounds (D)
  A floating eye (D)
  A small abomination (D)
  A floating eye (shapeshifter) (D)
  A swamp drake (D)
  17 orc warriors (D)
  2 large abominations (D)
  2 ogres (D)
  9 wolves (D)
  6 kobold brigands (D)
  2 scorpions (D)
  3 earth elementals (D)
  3 wights (D)
  A crimson imp (D)
  A hound (D)
  A gnoll shaman (D)
  3 orc priests (D)
  An iguana (D)
  2 hell rats (D)
  3 orc wizards (D)
  6 gnolls (D)
  A white imp (D)
  An adder skeleton (D)
  A worm (D)
  11 orcs (D)
  A bat (D)
  2 bat skeletons (D)
  3 giant cockroaches (D)
  A goblin (D)
  A hobgoblin (D)
  5 kobolds (D)
  2 quokkas (D)
  2 ball python skeletons (D)
  A frilled lizard (D)
  A rat (D)
455 creatures vanquished.

Vanquished Creatures (others)
  A shadow (D)
1 creature vanquished.

Grand Total: 456 creatures vanquished

Notes
Turn   | Place    | Note
-------+----------+-------------------------------------------
     0 | D        | Groucho the Gargoyle Fighter began the quest for the Orb.
     0 | D        | Reached XP level 1. HP: 14/14 MP: 1/1
     8 | D        | Noticed a scorpion
    18 | D        | Killed a scorpion
    19 | D        | Reached skill level 5 in Fighting
    19 | D        | Reached skill level 5 in Armour
    19 | D        | Reached skill level 5 in Shields
    19 | D        | Reached XP level 2. HP: 8/21 MP: 2/2
    19 | D        | Reached XP level 3. HP: 11/26 MP: 3/3
    19 | D        | Reached XP level 4. HP: 13/31 MP: 4/4
   501 | D        | Found a bloodstained altar of Trog.
   501 | D        | Found a shimmering blue altar of Sif Muna.
   501 | D        | Found a viscous altar of Jiyva.
   501 | D        | Found a hazy altar of Hepliaklqana.
   501 | D        | Found an opulent altar of Gozag.
   502 | D        | Found a glowing golden altar of the Shining One.
   502 | D        | Found a glowing silver altar of Zin.
   502 | D        | Found a basalt altar of Yredelemnul.
   502 | D        | Found a shimmering altar of Xom.
   502 | D        | Found an ornate altar of the Wu Jian Council.
   502 | D        | Found a sacrificial altar of Ru.
   502 | D        | Found a stormy altar of Qazlal.
   502 | D        | Found an iron altar of Okawaru.
   502 | D        | Found a sparkling altar of Nemelex Xobeh.
   502 | D        | Found a burning altar of Makhleb.
   502 | D        | Found a blossoming altar of Fedhas.
   502 | D        | Found a white marble altar of Elyvilon.
   502 | D        | Found a shadowy altar of Dithmenos.
   502 | D        | Found a snail-covered altar of Cheibriados.
   504 | D        | Found a radiant altar of Vehumet.
   504 | D        | Found a corrupted altar of Lugonu.
   505 | D        | Found a hide-covered altar of Uskayaw.
   505 | D        | Found an ancient bone altar of Kikubaaqudgha.
   505 | D        | Found a broken altar of Ashenzari.
   513 | D        | Became a worshipper of Cheibriados the Contemplative
   558 | D        | Reached * piety under Cheibriados
   576 | D        | Reached ** piety under Cheibriados
   578 | D        | Noticed a scorpion
   605 | D        | Killed a scorpion
   606 | D        | Reached XP level 5. HP: 31/36 MP: 4/6
   607 | D        | Reached *** piety under Cheibriados
   676 | D        | Noticed a warg
   690 | D        | Reached **** piety under Cheibriados
   693 | D        | Reached ***** piety under Cheibriados
   694 | D        | Reached skill level 5 in Axes
   697 | D        | Killed a warg
   698 | D        | Reached XP level 6. HP: 26/44 MP: 1/9
  1060 | D        | Noticed a flying skull
  1072 | D        | Killed a flying skull
  1073 | D        | Reached XP level 7. HP: 28/49 MP: 4/11
  1390 | D        | Reached ****** piety under Cheibriados
  1940 | D        | Reached XP level 8. HP: 55/56 MP: 13/13
  1940 | D        | Noticed a freezing wraith
  1947 | D        | Killed a freezing wraith
  1957 | D        | Noticed a sea snake
  1957 | D        | Noticed a blink frog
  1957 | D        | Noticed a blink frog
  1957 | D        | Noticed a blink frog
  1957 | D        | Noticed a blink frog
  1957 | D        | Noticed a blink frog
  1957 | D        | Noticed a dream sheep
  1957 | D        | Noticed a dream sheep
  1957 | D        | Noticed a dream sheep
  1957 | D        | Noticed a dream sheep
  1958 | D        | Killed a blink frog
  1958 | D        | Killed a blink frog
  1958 | D        | Killed an unseen horror
  1958 | D        | Killed a blink frog
  1959 | D        | Reached skill level 10 in Fighting
  1959 | D        | Reached skill level 10 in Armour
  1959 | D        | Reached skill level 10 in Shields
  1959 | D        | Reached XP level 9. HP: 63/63 MP: 8/16
  1960 | D        | Reached skill level 10 in Invocations
  1964 | D        | Killed a sea snake
  1965 | D        | Reached XP level 10. HP: 71/71 MP: 4/18
  2327 | D        | Reached skill level 10 in Axes
  2329 | D        | Noticed Erolcha
  2356 | D        | Killed Erolcha
  2692 | D        | Noticed a kobold demonologist
  2692 | D        | Noticed a kobold demonologist
  2692 | D        | Noticed a kobold demonologist
  2692 | D        | Noticed a wizard
  2694 | D        | Killed a kobold demonologist
  2694 | D        | Killed a wizard
  2695 | D        | Killed a kobold demonologist
  2695 | D        | Killed a kobold demonologist
  2696 | D        | Reached XP level 11. HP: 78/78 MP: 3/20
  2743 | D        | Noticed Erica
  2766 | D        | Killed Erica
  3068 | D        | Noticed an orc high priest
  3068 | D        | Noticed a bog body
  3069 | D        | Noticed a death cob
  3071 | D        | Killed a death cob
  3073 | D        | Killed an orc high priest
  3074 | D        | Killed a bog body
  3075 | D        | Noticed a cyclops
  3088 | D        | Killed a cyclops
  3089 | D        | Reached XP level 12. HP: 42/86 MP: 3/22
  3148 | D        | Got the Reference Book on Intoxication and Confrontation
  3272 | D        | Noticed a four-headed hydra
  3278 | D        | Killed a four-headed hydra
  3652 | D        | Noticed Azrael
  3655 | D        | Reached skill level 15 in Fighting
  3655 | D        | Reached skill level 15 in Armour
  3655 | D        | Reached skill level 15 in Shields
  3659 | D        | Killed Azrael
  4035 | D        | Noticed a two-headed ogre
  4035 | D        | Noticed a two-headed ogre
  4036 | D        | Noticed an ogre mage
  4036 | D        | Noticed a two-headed ogre
  4039 | D        | Killed a two-headed ogre
  4039 | D        | Killed an ogre mage
  4039 | D        | Killed a two-headed ogre
  4039 | D        | Noticed a two-headed ogre
  4040 | D        | Killed a two-headed ogre
  4041 | D        | Reached skill level 15 in Invocations
  4047 | D        | Killed a two-headed ogre
  4319 | D        | Noticed Donald
  4334 | D        | Killed Donald
  4729 | D        | Noticed a minotaur
  4733 | D        | Reached XP level 13. HP: 94/94 MP: 13/24
  4740 | D        | Killed a minotaur
  4924 | D        | Noticed a rockslime
  4924 | D        | Noticed an ophan
  4924 | D        | Noticed a deep elf high priest
  4926 | D        | Killed a rockslime
  4927 | D        | Killed a deep elf high priest
  4931 | D        | Killed an ophan
  5139 | D        | Noticed Nessos
  5139 | D        | Noticed a minotaur
  5139 | D        | Noticed Arachne
  5141 | D        | Killed Nessos
  5142 | D        | Noticed a great orb of eyes
  5151 | D        | Killed a great orb of eyes
  5180 | D        | Killed a minotaur
  5181 | D        | Reached skill level 15 in Axes
  5208 | D        | Killed Arachne
  5384 | D        | Gained mutation: Your large and strong wings let you fly.
                  | [Gargoyle growth]
  5384 | D        | Reached XP level 14. HP: 35/103 MP: 26/26
  5836 | D        | Noticed an orc warlord
  5836 | D        | Noticed an orc warlord
  5840 | D        | Noticed a deep elf blademaster
  5842 | D        | Killed a deep elf blademaster
  5845 | D        | Killed an orc warlord
  5852 | D        | Killed an orc warlord
  6601 | D        | Noticed a shadow dragon
  6627 | D        | Killed a shadow dragon
  7023 | D        | Noticed a nagaraja
  7024 | D        | Noticed a nagaraja
  7039 | D        | Killed a nagaraja
  7043 | D        | Killed a nagaraja
  7045 | D        | Noticed a yellow draconian
  7057 | D        | Noticed a lich
  7059 | D        | Reached skill level 1 in Throwing
  7059 | D        | Killed a yellow draconian
  7060 | D        | Reached skill level 1 in Dodging
  7062 | D        | Killed a lich
  7063 | D        | Reached XP level 15. HP: 65/112 MP: 8/28
  7068 | D        | Paralysed by something for 2 turns
  7077 | D        | Noticed a nagaraja
  7088 | D        | Killed a nagaraja
  7091 | D        | Noticed a purple draconian monk
  7097 | D        | Reached skill level 5 in Throwing
  7106 | D        | Reached skill level 5 in Dodging
  7115 | D        | Killed a purple draconian monk
  7138 | D        | Noticed a sphinx
  7151 | D        | Killed a sphinx
  7155 | D        | Noticed a lich
  7162 | D        | Noticed a daeva
  7173 | D        | Killed a lich
  7189 | D        | HP: 3/112 [daeva/divine providence (12)]
  7192 | D        | Killed a daeva
  7660 | D        | Got the Reference Book on Damaging Feathers
  7662 | D        | Got the Catalogue of Enchantment
  7769 | D        | Got the ring of Secrets {Ice rElec MP+9 Int+2 Dex-4}
  7771 | D        | Got the ring "Quav" {Will+ Str+5 Int-3 Dex+4 SInv}
  7773 | D        | Got the ring of Optimism {Drain rC+ Int+4 Stlth+}
  7775 | D        | Got the ring of Aquewn {Will+ Str+2 SInv}
  7777 | D        | Got the ring "Gidopautt" {Fire Str+7}
  7780 | D        | Got the ring of the Lotus Blossom {Will+ Dex+3}
  7782 | D        | Got the ring "Zumn" {Str+3 SInv}
  7784 | D        | Got the ring "Cubilus" {Will+ Dex+3}
  7786 | D        | Got the ring of Keiclepp {Ice Fly Str+4}
  7788 | D        | Got the ring "Viukash" {Int+3 Dex+6}
  7790 | D        | Got the ring "Qilo" {rPois Dex+5 Stlth-}
  7792 | D        | Got the ring of Awkogguo {rElec rPois Str+6}
  7794 | D        | Got the ring "Dexui" {rPois rC+ MP+9 Int+4 SInv}
  7807 | D        | Got the amulet of Waruts {Faith Int+3}
  7809 | D        | Got the ring "Saxku" {rPois SInv}
  7811 | D        | Got the amulet "Hinuxah" {Reflect rElec rPois rCorr SH+5}
  7813 | D        | Got the ring "Qawn" {rPois rC+ Str+3}
  7815 | D        | Got the ring of Huqac {Fire *Slow +Blink Int+7 Stlth+}
  7844 | D        | Got the amulet of Suspected Treachery {Reflect Int+4 Slay+3
                  | SH+5}
  7846 | D        | Got the amulet "Wen Maro" {Faith MP+9 Int+2}
  7848 | D        | Got the ring of Trepidation {Ice rPois}
  7850 | D        | Got the ring "Telakh" {Will+ Stlth+}
  7852 | D        | Got the ring "Zoufredgh" {Drain Fly Str+6 Slay+6 SInv}
  7856 | D        | Got the ring of Muydaps {Ice rElec rPois}
  7858 | D        | Got the amulet "Vubuac" {Reflect rC- rCorr Str+2 SH+5}
  8418 | D        | Noticed a bone dragon
  8423 | D        | Reached skill level 10 in Throwing
  8424 | D        | Reached XP level 16. HP: 49/121 MP: 13/30
  8429 | D        | Killed a bone dragon
  8430 | D        | Reached skill level 10 in Dodging
  8451 | D        | Noticed a nagaraja
  8477 | D        | Killed a nagaraja
  8875 | D        | Noticed a curse toe
  8875 | D        | Noticed a storm dragon
  8880 | D        | Killed a storm dragon
  8897 | D        | Killed a curse toe
  9430 | D        | Found the brooch of Shielding {Spirit SH+8}
  9430 | D        | Found the ring of the Octopus King {AC+1 EV+1 Str+1 Int+1
                  | Dex+1 SInv}
  9431 | D        | Identified the +2 quarterstaff of Wondrous Power {drain,
                  | Will+ Dex+2}
  9431 | D        | Identified the ring "Usagurgh" {rPois rF- rC+ Int+9}
  9451 | D        | Reached XP level 17. HP: 84/131 MP: 16/31
  9452 | D        | Reached skill level 15 in Throwing
  9474 | D        | Reached skill level 15 in Dodging
  9493 | D        | Got a ring of the Octopus King {AC+1 EV+1 Str+1 Int+1 Dex+1
                  | SInv}
  9504 | D        | Got Ezeuteg's Guide on the Ghastly Rocks
  9542 | D        | Got a silver rune of Zot
  9589 | D        | Got the +9 hand crossbow of Fimbulwinter {elec, rPois rF+
                  | rN+}
  9704 | D        | Noticed a profane servitor
  9737 | D        | Killed a profane servitor
  9807 | D        | Noticed Boris
  9847 | D        | Noticed an Executioner
  9850 | D        | Killed an Executioner
  9852 | D        | Killed Boris
  9853 | D        | Reached XP level 18. HP: 141/141 MP: 4/33
  9856 | D        | Gained mutation: Your magical capacity is low. (-10% MP) [a
                  | neqoxec]
  9863 | D        | Noticed a deep elf blademaster
  9885 | D        | Killed a deep elf blademaster
  9888 | D        | Noticed Margery
  9899 | D        | Noticed a bone dragon
  9909 | D        | Killed Margery
  9924 | D        | Killed a bone dragon
 10263 | D        | Got the amulet of Propriety {Spirit +Inv rElec Str-4 Int+2}
 10266 | D        | Got the ring of Ecezel {Fly rC+ Str+2}
 10269 | D        | Got the amulet of Propriety {Acrobat Int+3 Dex+2}
 10273 | D        | Got the ring of Accord {rN+ Str-2 SInv Stlth+}
 10276 | D        | Got the ring of the Vendetta {rCorr Int+4}
 10279 | D        | Got the ring "Xirinuaha" {rElec Will+}
 10357 | D        | Got the +2 pair of boots "Jahiophe" {Will++ Dex-4}
 10481 | D        | Noticed a Hell Sentinel
 10484 | D        | Killed a Hell Sentinel
 10490 | D        | Noticed a titan
 10497 | D        | Killed a titan
 10512 | D        | Noticed Kuezxe the pandemonium lord
 10558 | D        | Killed Kuezxe the pandemonium lord
 11004 | D        | Noticed a golden dragon
 11004 | D        | Noticed a royal mummy
 11004 | D        | Noticed Khufu
 11004 | D        | Noticed a royal mummy
 11004 | D        | Noticed a royal mummy
 11016 | D        | Killed a golden dragon
 11018 | D        | Killed a royal mummy
 11019 | D        | Reached XP level 19. HP: 53/148 MP: 12/31
 11023 | D        | Killed a royal mummy
 11034 | D        | Killed Khufu
 11039 | D        | Killed a royal mummy
 11541 | D        | Noticed a hellephant
 11555 | D        | Killed a hellephant
 11561 | D        | Found the +4 staff of Dispater
 11561 | D        | Noticed Dispater
 11599 | D        | Noticed a Hell Sentinel
 11611 | D        | Killed Dispater
 11617 | D        | Noticed Usharghu Haor the pandemonium lord
 11648 | D        | Killed Usharghu Haor the pandemonium lord
 12411 | D        | Reached skill level 27 in Fighting
 12415 | D        | Noticed an ancient lich
 12423 | D        | Killed an ancient lich
 12440 | D        | Noticed Mara
 12440 | D        | Noticed a golden dragon
 12443 | D        | Noticed Groucho's illusion
 12446 | D        | Killed a golden dragon
 12475 | D        | Killed Mara
 12480 | D        | Noticed a Tzitzimitl
 12487 | D        | Killed a Tzitzimitl
 13033 | D        | Noticed an ancient lich
 13045 | D        | Killed an ancient lich
 13047 | D        | Reached XP level 20. HP: 157/157 MP: 33/33
 13324 | D        | Noticed a Brimstone Fiend
 13330 | D        | Killed a Brimstone Fiend
 13339 | D        | Noticed an electric golem
 13354 | D        | Killed an electric golem
 13358 | D        | Noticed Uxtef the pandemonium lord
 13365 | D        | Reached skill level 27 in Armour
 13384 | D        | Killed Uxtef the pandemonium lord
 13385 | D        | Reached skill level 27 in Shields
 13396 | D        | Reached skill level 27 in Invocations
 14152 | D        | Noticed an electric golem
 14165 | D        | Killed an electric golem
 14175 | D        | Noticed a hellephant
 14175 | D        | Noticed a royal mummy
 14192 | D        | Killed a hellephant
 14211 | D        | Killed a royal mummy
 14542 | D        | Noticed the Royal Jelly
 14552 | D        | Killed the Royal Jelly
 14553 | D        | Reached skill level 27 in Throwing
 14700 | D        | Got the +9 broad axe "Hueregha" {venom, rPois Str+3}
 14703 | D        | Got the amulet "Numehud" {Faith Will+ Dex+4}
 14707 | D        | Got the ring "Mieto" {Str+6 Dex+6}
 14711 | D        | Got the ring of Jazig {MP+9 Int+6}
 14728 | D        | Got the ring "Sayddu" {rN+ Will- MP+9 Int+4 Slay+3}
 14730 | D        | Got the ring "Jekeug" {rF+ Will+ AC+4 Slay+2}
 14733 | D        | Got the amulet of Foplonapn {Acrobat Str+2}
 14736 | D        | Got the ring of Qaut Dua {Wiz Str+3}
 14739 | D        | Got an iron rune of Zot
 14741 | D        | Got the ring "Yriewus" {Wiz rPois rF+ Str-4 Dex+2}
 14746 | D        | Got the ring "Dusk" {*Corrode rF+++ rC+ Str+6 Dex+2}
 15227 | D        | Noticed Ignacio
 15236 | D        | Slain by Ignacio

Illustrated notes

Levels and vault maps discovered:
D:        pitsprint [storerooms_1, entrance_room_1, metal_vault_3, armoury_1,
          mini_pit_1, grid_room_1, main_hall_1, silver_pit, the_coven_3,
          the_vestibule_1, steel_vault_2, golden_pit, hallway_of_sentries,
          crystal_vault_3, iron_vault_1, final_vault]

Skill      XL: |  1  2  3  4  5  6  7  8  9 10 11 12 13 14 15 16 17 18 19 20 |
---------------+-------------------------------------------------------------+-----
Fighting       | 5 6 7 8 9 10 11 13 14 16 17 19 21 23 25 26 27 | 27.0
Axes           | 3 4 5 6 7 8 9 11 12 13 15 17 18 | 18.0
Armour         | 5 6 7 8 9 10 11 13 14 16 17 19 20 22 23 25 26 27 | 27.0
Shields        | 5 6 7 8 9 10 11 13 14 16 17 19 20 22 23 25 26 27 | 27.0
Invocations    | 2 4 6 7 9 10 12 13 15 17 19 20 21 23 24 26 27 | 27.0
Throwing       | 3 10 14 18 21 24 27 | 27.0
Dodging        | 2 9 13 17 20 22 26 | 26.7

Action                   |  1- 3 |  4- 6 |  7- 9 | 10-12 | 13-15 | 16-18 | 19-21 || total
-------------------------+-------+-------+-------+-------+-------+-------+-------++-------
Melee: War axe           |     9 |    61 |    30 |    96 |   141 |       |       ||   337
       Broad axe         |       |       |       |       |   147 |   341 |   345 ||   833
Throw: Stone             |       |       |       |       |     4 |       |       ||     4
Invok: Slouch            |       |     2 |     5 |    31 |    52 |    55 |    37 ||   182
       Bend Time         |       |       |       |       |     1 |       |       ||     1
Evoke: Wand              |       |       |       |       |       |       |     1 ||     1
  Use: Potion            |       |     4 |       |     7 |    16 |     6 |    10 ||    43
       Scroll            |       |       |       |       |     4 |       |     3 ||     7
 Stab: Invisible         |       |     1 |       |       |       |       |       ||     1
Armor: Scale mail        |     5 |    33 |     3 |       |       |       |       ||    41
       Plate armour      |       |       |    12 |    59 |    85 |       |       ||   156
       Gold dragon scale |       |       |       |       |    88 |   131 |   163 ||   382
Dodge: Dodged            |     2 |    26 |     9 |    24 |    72 |   163 |   235 ||   531
Block: Kite shield       |     7 |    41 |    29 |   101 |   268 |   426 |   471 ||  1343
       Reflection        |       |       |       |       |       |    13 |     3 ||    16
